[Event "Live Chess"]
[Site "Chess.com"]
[Date "2024.06.01"]
[Round "-"]
[White "Delacorta"]
[Black "NAZRIZ1977"]
[Result "0-1"]
[WhiteElo "1481"]
[BlackElo "2125"]
[TimeControl "300"]
[EndTime "12:03:27 PDT"]
[Termination "NAZRIZ1977 won by checkmate"]

1. d4 Nf6 2. Nf3 g6 3. e3 Bg7 4.
Bd3 O-O 5. b3 d5 6. Bb2 c5 7. Nbd2 Nc6 8. O-O Nd7 9. Rb1 e5 10.
dxe5 Ndxe5 11. Nxe5 Nxe5 12. Nf3 Nxf3+ 13. Qxf3 Bxb2 14.
Rxb2 Be6 15. Rd1 Qa5 16. Qe2 Rfe8 17. Qd2 Qa3 18. c4 Red8 19. cxd5 Rxd5 20. Qc3 Rad8 21. Rdd2 Qb4 22. Qc2 Bf5 23. a3 Bxd3 24. Rxd3 Qe1# 0-1

[Event "Live Chess"]
[Site "Chess.com"]
[Date "2024.06.01"]
[Round "-"]
[White "Zhevzh1k7"]
[Black "LL220284LL"]
[Result "0-1"]
[WhiteElo "1085"]
[BlackElo "2562"]
[TimeControl "300"]
[EndTime "12:03:33 PDT"]
[Termination "LL220284LL won by resignation"]

1. e4 d5 2. exd5 Qxd5 3. Nc3 Qa5 4. Nf3 Nf6 5. Bc4 Bg4 6. h3 Bh5 7. O-O Nbd7 8. d3 c6 9. Ne4 Nxe4 10. dxe4 Ne5 11. Be2 Nxf3+ 12. Bxf3 Bxf3 13. Qxf3 e6 14. Rd1 Be7 15. Bd2 Qb6 16. Bc3 O-O 17. Qg3 f6 18. e5 f5 19. Rd7 Rf7 20. Rad1 Raf8 21. Qh4 Bxh4 22. Rxf7 Rxf7 23. Rd2 0-1

[Event "Live Chess"]
[Site "Chess.com"]
[Date "2024.06.01"]
[Round "-"]
[White "Tushinskiy"]
[Black "Grace6363"]
[Result "1-0"]
[WhiteElo "2225"]
[BlackElo "1150"]
[TimeControl "300"]
[EndTime "12:03:39 PDT"]
[Termination "Tushinskiy won by resignation"]

1. d4 Nf6 2. c3 g6 3. Nf3 d6 4. Bf4 Bf5 5. Bg3 Bg7 6. Nbd2 O-O 7. e3 Nbd7 8. Be2 b6 9. O-O c5 10. a4 Rc8 11. Re1 e5 12. dxe5 dxe5 13. Bb5 e4 14. Ne5 a6 15. Bxa6 Ra8 16. Bb5 Nxe5 17. Bxe5 Nd5 18.
Bxg7 Kxg7 19. Nc4 h5 20. Qd2 Bg4 21. Bc6 Ra7 22. Qxd5 Qxd5 23. Bxd5 Rd8 24. Bxe4 Be6 25. Nxb6 Rb8 26. a5 f5 27. Bf3 g5 28. b4 g4 29.
Bc6 Rc7 30. b5 Kf6 31. Red1 Bb3 32. Rd6+ Ke5 33. Rh6 Bf7 34. Nd7+ Rxd7 35. Bxd7 1-0

[Event "Live Chess"]
[Site "Chess.com"]
[Date "2024.06.01"]
[Round "-"]
[White "Dhaydon19"]
[Black "grillage"]
[Result "1-0"]
[WhiteElo "2693"]
[BlackElo "1879"]
[TimeControl "300"]
[EndTime "12:03:40 PDT"]
[Termination "Dhaydon19 won by resignation"]

1. d4 e6 2. Nf3 Nf6 3. g3 b5 4. c3 Bb7 5. Bg2 Be7 6. O-O O-O 7. Nbd2 d5 8. Ne5 c5 9. dxc5 Bxc5 10. Qc2 Nbd7 11.
Nxd7 Qxd7 12. Nf3 Rfc8 13. a3 Bb6 14. Qb3 a6 15. Bf4 d4 16. cxd4 Bd5 17. Qd1 Nh5 18. Bd2 Rc7 19. Bc3 Rac8 20. Ne5 Qe8 21. e4 Bc4 22.
Nxc4 Rxc4 23. Qxh5 1-0

[Event "Live Chess"]
[Site "Chess.com"]
[Date "2024.06.01"]
[Round "-"]
[White "mrsmarple1968"]
[Black "JohanKjeldahl"]
[Result "0-1"]
[WhiteElo "1780"]
[BlackElo "1835"]
[TimeControl "300"]
[EndTime "12:03:41 PDT"]
[Termination "JohanKjeldahl won on time"]

1. e4 c5 2. Nc3 e6 3. g3 Nc6 4.
Bg2 a6 5. d3 g6 6. Be3 d6 7.
Qd2 Bg7 8. O-O-O Nd4 9. Rf1 Ne7 10. f4 Nec6 11. Nf3 Bd7 12. g4 h5 13. h3 Qa5 14.
Kb1 Nb4 15. a3 Nbxc2 16. Bxd4 Nxd4 17. e5 dxe5 18. Nxe5 Bxe5 19. fxe5 Bc6 20. Qf2 Rf8 21. Be4 Rd8 22. Rhg1 Kd7 23. Bxc6+ bxc6 24. Ne4 Rb8 25. Rc1 Nb3 26. Rc3 c4 27. dxc4 Qxe5 28. Rd1+ Kc7 29.
Nf6 Rfd8 30. Rcd3 Rxd3 31. Rxd3 Nc5 0-1

[Event "Live Chess"]
[Site "Chess.com"]
[Date "2024.06.01"]
[Round "-"]
[White "Mangoalo"]
[Black "WorcesterYork"]
[Result "0-1"]
[WhiteElo "1035"]
[BlackElo "2547"]
[TimeControl "300"]
[EndTime "12:03:48 PDT"]
[Termination "WorcesterYork won by checkmate"]

1. e4 c5 2. Nf3 Nc6 3. d4 d6 4.
d5 Nb8 5. Nc3 a6 6. a4 Nd7 7. Bg5 g6 8. h3 h6 9. Bf4 Bg7 10. Qd3 Rb8 11. Be2 Ngf6 12. O-O O-O 13. Rad1 Ne8 14. Ng5 hxg5 15. Bxg5 Nef6 16. f4 Nh7 17.
Rf3 b5 18. h4 b4 19. Nb1 Nxg5 20. hxg5 Bxb2 21. Rh3 Kg7 22. Qg3 Rh8 23. Kf2 Nb6 24. Rdh1 Bxh3 25. Rxh3 Rxh3 26. Qxh3 Qh8 27. Kf3 Qxh3+ 28.
gxh3 Nxa4 29. Bf1 Nc3 30. Nxc3 Bxc3 31. Bxa6 Rh8 32. Bf1 Ra8 33. Kg4 Ra1 34. Bd3 Rg1+ 35. Kh4 Be1# 0-1

[Event "Live Chess"]
[Site "Chess.com"]
[Date "2024.06.01"]
[Round "-"]
[White "Bob2pen"]
[Black "MagnersCarlsberg2870"]
[Result "1-0"]
[WhiteElo "1897"]
[BlackElo "1859"]
[TimeControl "300"]
[EndTime "12:03:48 PDT"]
[Termination "Bob2pen won by checkmate"]

1. e4 e5 2. Nf3 Nc6 3. Bb5 a6 4. Ba4 Nf6 5. O-O d6 6. c3 Bg4 7.
h3 h5 8. d3 Bd7 9. Nbd2 Be7 10. Bb3 Be6 11. Nc4 b5 12. Ne3 Bxb3 13. axb3 a5 14. Nf5 Kf8 15. Re1 g6 16. Ne3 Kg7 17.
Qd2 Nh7 18. Nd5 g5 19. Nxe7 Qxe7 20. Nxg5 Rhg8 21. Nxh7 Kxh7 22. Qh6# 1-0

[Event "Live Chess"]
[Site "Chess.com"]
[Date "2024.06.01"]
[Round "-"]
[White "Pandreq"]
[Black "WilliamofOrange16th"]
[Result "0-1"]
[WhiteElo "1130"]
[BlackElo "1983"]
[TimeControl "300"]
[EndTime "12:04:01 PDT"]
[Termination "WilliamofOrange16th won by resignation"]

1. d4 d5 2. c4 c6 3. Nc3 Nf6 4. Nf3 a6 5. Bf4 dxc4 6. a4 Bf5 7. e3 e6 8. Bxc4 Nbd7 9. b3 Be7 10. O-O O-O 11.
Ne5 Bb4 12. Rc1 Qa5 13. Na2 Ba3 14. Rc3 Bb2 15. b4 Qd8 16. Rb3 b5 17. axb5 cxb5 18. Bd3 Bxd3 19. Qxd3 Nxe5 20. Bxe5 Ng4 21. Rxb2 Nxe5 22.
Qe2 Nc4 23. Rc2 Qd6 24. Nc3 Qxb4 25. Rb1 Qe7 26. Ne4 Na3 27. Rbc1 Nxc2 28. Rxc2 h6 29. Nc5 Rfc8 30. Qd3 b4 31. h3 a5 32. Na4 Rxc2 33.
Qxc2 Qd7 34. Nc5 Qb5 35. Qe4 Re8 36. Nb7 Rd8 37. Nxd8 b3 38. Nc6 b2 39. Ne7+ Kf8 40. Ng6+ fxg6 41. Qb1 a4 42. g3 a3 43. Qxg6 Qf5 0-1

[Event "Live Chess"]
[Site "Chess.com"]
[Date "2024.06.01"]
[Round "-"]
[White "IanCalvert2"]
[Black "nigelst"]
[Result "1-0"]
[WhiteElo "1543"]
[BlackElo "1633"]
[TimeControl "300"]
[EndTime "12:04:08 PDT"]
[Termination "IanCalvert2 won by resignation"]

1. b3 e5 2. Bb2 Nc6 3. e3 d5 4.
Bb5 Bd6 5. f4 Qh4+ 6. g3 Qe7 7.
Nf3 Bg4 8. fxe5 Bxe5 9. Bxe5 Bxf3 10. Qxf3 Qxe5 11. Bxc6+ bxc6 12. O-O Nf6 13. Nc3 O-O 14. Qf4 Qe7 15. Qh4 Rfe8 16. Rf5 Ne4 17. Qxe7 Rxe7 18.
Nxe4 Rxe4 19. Raf1 f6 20. R1f4 Rae8 21. Rxe4 Rxe4 22. Rf4 Rxf4 23. exf4 Kf7 24. Kf2 Ke6 25. Ke3 Kd6 26. c4 c5 27. d4 cxd4+ 28. Kxd4 c6 29. cxd5 cxd5 30. b4 Kc6 31. a4 a6 32. f5 h6 33. g4 Kd6 34. b5 axb5 35. axb5 Kc7 36. Kxd5 Kb6 37. Ke6 Kxb5 38. Kf7 1-0

[Event "Live Chess"]
[Site "Chess.com"]
[Date "2024.06.01"]
[Round "-"]
[White "dhairyapandyauk"]
[Black "Ferrarifan27"]
[Result "1/2-1/2"]
[WhiteElo "1644"]
[BlackElo "2055"]
[TimeControl "300"]
[EndTime "12:04:14 PDT"]
[Termination "Game drawn by stalemate"]

1. e4 e5 2. Nf3 Nc6 3. c3 Nf6 4.
d4 exd4 5. e5 Nd5 6. cxd4 d6 7.
exd6 Bxd6 8. Nc3 Nxc3 9. bxc3 O-O 10. Be2 Re8 11. O-O Bf5 12. Be3 Qd7 13. Bd3 Rad8 14. Qc2 Bxd3 15. Qxd3 b6 16. Rac1 Ne7 17. Rfe1 Nf5 18.
Bd2 c5 19. Rxe8+ Rxe8 20. Re1 Rxe1+ 21. Bxe1 cxd4 22. Nxd4 Nxd4 23. Qxd4 Qc7 24. h3 Be5 25. Qd5 g6 26. c4 Bh2+ 27. Kf1 Bd6 28. Bc3 Bf8 29.
Qd4 f6 30. Qxf6 Qxc4+ 31. Kg1 Qxa2 32. Qh8+ Kf7 33. Qxh7+ Ke8 34. Qxg6+ Qf7 35. Qc6+ Qd7 36. Qe4+ Be7 37. g4 a5 38. g5 Qxh3 39. Bf6 Qd7 40. g6 Kd8 41. Bxe7+ Qxe7 42. Qa8+ Kd7 43. Qa7+ Ke8 44. Qb8+ Kd7 45. Qb7+ Ke6 46. Qxb6+ Kf5 47. Qxa5+ Kxg6 48. Qb6+ Kf5 49. Qb5+ Kf4 50. Qc4+ Kf3 51.
Qd5+ Kf4 52. Kg2 Qg7+ 53. Kf1 Qa1+ 54. Ke2 Qb2+ 55. Qd2+ Qxd2+ 56. Kxd2 Kf3 57. Ke1 Kf4 58. Ke2 Ke4 59. f3+ Kf4 60. Kf2 Kf5 61. Ke3 Ke5 62. f4+ Kf5 63. Kf3 Kf6 64. Ke4 Ke6 65. f5+ Kf6 66.
Kf4 Kf7 67. Kg5 Kg7 68. f6+ Kf7 69. Kf5 Kf8 70. Kg6 Kg8 71. f7+ Kf8 72. Kf6 1/2-1/2

[Event "Live Chess"]
[Site "Chess.com"]
[Date "2024.06.01"]
[Round "-"]
[White "MaksymYurii"]
[Black "peteopeteo"]
[Result "0-1"]
[WhiteElo "934"]
[BlackElo "1598"]
[TimeControl "300"]
[EndTime "12:04:25 PDT"]
[Termination "peteopeteo won by checkmate"]

1. e4 c6 2. Nf3 d5 3. e5 Bf5 4. d4 e6 5. h3 c5 6. Nh4 Bg6 7. f4 Nc6 8. Nxg6 hxg6 9. h4 Rxh4 10. Rxh4 Qxh4+ 11. Kd2 Qxf4+ 12. Kd3 Qxd4+ 13. Ke2 Qxe5+ 14. Kf3 Nd4+ 15. Kf2 Bd6 16. c3 Qg3+ 17. Kg1 Qh2+ 18.
Kf2 Bg3+ 19. Ke3 Nf5+ 20. Kd3 c4+ 21. Kc2 Bf4 22. Bxf4 Qxf4 23. Qf3 Qxf3 24. gxf3 Ne3+ 25. Kd2 Nxf1+ 26. Ke2 Ng3+ 27. Ke3 Nf5+ 28. Ke2 Nf6 29.
Nd2 O-O-O 30. b3 b5 31. Rh1 Ng3+ 32. Kf2 Nxh1+ 33. Kg2 Rh8 34. Nf1 e5 35. bxc4 bxc4 36. a4 e4 37. fxe4 Nxe4 38. Ne3 Rd8 39. Kxh1 Nxc3 40.
Kg2 Nxa4 41. Kf3 c3 42. Ke2 d4 43. Nc4 Nb6 44. Na3 f5 45. Kd3 Na4 46. Nb5 Nb2+ 47. Kc2 Kb7 48. Kb3 f4 49. Kb4 f3 50. Kb3 f2 51. Kb4 f1=Q 52. Kb3 Qxb5+ 53. Kc2 Qd3+ 54. Kb3 Rd6 55. Ka2 Rb6 56. Ka3 Qa6# 0-1

[Event "Live Chess"]
[Site "Chess.com"]
[Date "2024.06.01"]
[Round "-"]
[White "OurKnightAtTheOpera"]
[Black "Ksenia_2013"]
[Result "1-0"]
[WhiteElo "2017"]
[BlackElo "766"]
[TimeControl "300"]
[EndTime "12:04:43 PDT"]
[Termination "OurKnightAtTheOpera won - game abandoned"]

1. Nf3 d5 2. b3 Nf6 3. Bb2 e6 4. e3 Bd6 5. c4 dxc4 6. bxc4 Ne4 7. d4 O-O 8. Nc3 Nc6 9. Bd3 Nxc3 10. Bxc3 Nb4 11.
O-O Nxd3 12. Qxd3 Qf6 13. Rab1 Qh6 14. e4 e5 15. dxe5 Bg4 16. exd6 1-0

[Event "Live Chess"]
[Site "Chess.com"]
[Date "2024.06.01"]
[Round "-"]
[White "WeakOldFinished"]
[Black "nffc11"]
[Result "1-0"]
[WhiteElo "2133"]
[BlackElo "1980"]
[TimeControl "300"]
[EndTime "12:04:46 PDT"]
[Termination "WeakOldFinished won on time"]

1. e4 c6 2. c4 d5 3. exd5 cxd5 4.
d4 Nf6 5. Nc3 e6 6. Nf3 Be7 7.
c5 O-O 8. Bf4 b6 9. b4 a5 10. a3 Ne4 11. Na4 bxc5 12. bxc5 Nd7 13. Bb5 g5 14. Be3 f5 15. O-O g4 16. Nd2 Ndf6 17. Nxe4 Nxe4 18. f3 gxf3 19. gxf3 Nf6 20. Nb6 Rb8 21. Kh1 Kh8 22. f4 Rg8 23. Qf3 Ne4 24. Bd3 Qf8 25. Bxe4 fxe4 26. Qh5 Ba6 27. Rg1 Rd8 28. c6 Bd6 29. Nd7 Rxd7 30. cxd7 Bb5 31.
Rxg8+ Qxg8 32. Rg1 Qf8 33. f5 Bxd7 34. Bh6 Qf6 35.
Bg7+ Kg8 36. Bxf6+ Kf8 37. Qxh7 1-0

[Event "Live Chess"]
[Site "Chess.com"]
[Date "2024.06.01"]
[Round "-"]
[White "JohanKjeldahl"]
[Black "Grace6363"]
[Result "1-0"]
[WhiteElo "1836"]
[BlackElo "1149"]
[TimeControl "300"]
[EndTime "12:04:49 PDT"]
[Termination "JohanKjeldahl won by resignation"]

1. e4 c5 2. Nf3 Nc6 3. d4 cxd4 4.
Nxd4 g6 5. Nc3 Bg7 6. Be3 Nf6 7. f3 d6 8. Qd2 Be6 9. h4 Qb6 10. O-O-O a5 11. Nxe6 Qa7 12. Nxg7+ 1-0

[Event "Live Chess"]
[Site "Chess.com"]
[Date "2024.06.01"]
[Round "-"]
[White "RamsayFlayer"]
[Black "Sweet-O"]
[Result "0-1"]
[WhiteElo "1939"]
[BlackElo "1563"]
[TimeControl "300"]
[EndTime "12:05:02 PDT"]
[Termination "Sweet-O won on time"]

1. e4 e5 2. Nf3 Nf6 3. Nxe5 Nc6 4. Nxc6 dxc6 5. Nc3 Bc5 6. d3 Ng4 7. Be3 Bxe3 8. fxe3 Nxe3 9. Qe2 Qh4+ 10. g3 Qg5 11.
Nd1 Ng4 12. Bh3 Be6 13. O-O h5 14. Nf2 O-O-O 15. Bxg4 hxg4 16. Rad1 Qh5 17. Nh1 Rh6 18. Rd2 Qc5+ 19. Qf2 Qh5 20. Qe3 b6 21. Rg2 f5 22.
Nf2 Rdh8 23. Nd1 Qh3 24. Qd2 Qh5 25. exf5 Bxf5 26. Ne3 Be6 27. Qc3 g5 28. Qxc6 Bf5 29.
Qa4 Bg6 30. Qxa7 Kd7 31. Qa4+ Kc8 32. Qxg4+ Qxg4 33. Nxg4 R6h7 34. Ne5 Be8 35. Rgf2 Bb5 36. Rf8+ Rxf8 37. Rxf8+ Kb7 38. c4 Bc6 39. Nxc6 Kxc6 40. Rf5 g4 41. Rf4 b5 42. Rxg4 bxc4 43. Rxc4+ Kd6 44.
d4 Re7 45. Kf2 Rf7+ 46. Ke2 Re7+ 47. Kd3 Rf7 48. g4 Rf3+ 49. Ke4 Rf2 50. d5 Rxh2 51.
Rc6+ Kd7 52. Rg6 Rxb2 53. g5 Rxa2 54. Ke5 Ra4 55. Kf6 Ra1 56. Rg7+ Kd6 57. Rg8 Kc5 58. Re8 Rb1 59. g6 Ra1 60. g7 Ra6+ 61. Kf7 Ra5 62. g8=Q Ra1 63. Qg6 Rf1+ 64. Qf6 Rxf6+ 0-1

[Event "Live Chess"]
[Site "Chess.com"]
[Date "2024.06.01"]
[Round "-"]
[White "Brooms1989"]
[Black "Nazarenko_vital"]
[Result "0-1"]
[WhiteElo "1092"]
[BlackElo "1485"]
[TimeControl "300"]
[EndTime "12:05:33 PDT"]
[Termination "Nazarenko_vital won by resignation"]

1. e4 d5 2. exd5 Qxd5 3. d4 Nf6 4. c4 Qa5+ 5. Bd2 Qb6 6. Bc3 c6 7. Nf3 Bg4 8. Be2 Ne4 9. O-O Nxc3 10. bxc3 e6 11.
Ne5 Bf5 12. Bg4 Bg6 13. Qe2 Nd7 14. Nxg6 hxg6 15. Nd2 Bd6 16. c5 Bxh2+ 17. Kh1 Qc7 18. Nf3 Nf6 19. Bh3 Bf4 20. Ne5 g5 21. Ng6 fxg6 22. Qxe6+ Qe7 23. Qxe7+ Kxe7 24. Rae1+ Kd8 25. Re2 g4 26. Rfe1 gxh3 27. g3 Bh6 28. Re7 Re8 29.
Rxe8+ Nxe8 30. Rxe8+ Kxe8 0-1

[Event "Live Chess"]
[Site "Chess.com"]
[Date "2024.06.01"]
[Round "-"]
[White "RomanKifliuk"]
[Black "bonantagulo"]
[Result "1-0"]
[WhiteElo "2341"]
[BlackElo "2045"]
[TimeControl "300"]
[EndTime "12:05:41 PDT"]
[Termination "RomanKifliuk won on time"]

1. e4 c5 2. f4 e6 3. Nf3 Nc6 4.
Bb5 Nge7 5. O-O a6 6. Bxc6 Nxc6 7. Nc3 d5 8. d3 Be7 9. Qe1 O-O 10. Qg3 dxe4 11.
dxe4 Nd4 12. Nxd4 Qxd4+ 13. Be3 Qb4 14. f5 Qxb2 15. Bh6 Bf6 16. Bxg7 Qxc3 17. Bxf6+ Qxg3 18. hxg3 exf5 19. exf5 Bd7 20. Rf4 Rfe8 21. Rg4+ Kf8 22. Rc1 Bxf5 23. Bg7+ Kg8 24. Rg5 Bg6 25. Bh6 c4 26. Rc5 b5 27. c3 Rad8 28. Rf1 Re2 29. a3 Re6 30. Rf4 Rd1+ 31. Kh2 Re8 32. Rd4 Rxd4 33.
cxd4 a5 34. Rxb5 Rc8 35. d5 c3 36. d6 c2 37. d7 Rd8 38. Rc5 f6 39. Rc8 1-0

[Event "Live Chess"]
[Site "Chess.com"]
[Date "2024.06.01"]
[Round "-"]
[White "WelshTiger"]
[Black "Delacorta"]
[Result "1-0"]
[WhiteElo "2535"]
[BlackElo "1481"]
[TimeControl "300"]
[EndTime "12:06:00 PDT"]
[Termination "WelshTiger won by resignation"]

1. e4 e6 2. d4 d5 3. Nd2 dxe4 4.
Nxe4 Bd7 5. Nf3 Bc6 6. Ng3 Nd7 7. c3 Ngf6 8. Bd3 Be7 9. O-O O-O 10. Qe2 b6 11.
Ne5 Bb7 12. Rd1 Re8 13. Bc4 Nd5 14. Bb3 N7f6 15. a3 Bf8 16. Re1 Nf4 17. Bxf4 1-0

[Event "Live Chess"]
[Site "Chess.com"]
[Date "2024.06.01"]
[Round "-"]
[White "booktrunk"]
[Black "Nazar-Makarchuk"]
[Result "1/2-1/2"]
[WhiteElo "1362"]
[BlackElo "1573"]
[TimeControl "300"]
[EndTime "12:06:04 PDT"]
[Termination "Game drawn - insufficient material"]

1. d4 d5 2. Nc3 Nf6 3. Bf4 a6 4. a3 e6 5. h3 Bd6 6. Bxd6 Qxd6 7. Nf3 Nc6 8. e3 e5 9. dxe5 Nxe5 10. Nxe5 Qxe5 11. Qd4 Qxd4 12. exd4 O-O 13. O-O-O c6 14. Bd3 Re8 15. Rhe1 Bd7 16. Rxe8+ Rxe8 17. Kd2 Nh5 18.
Re1 Rxe1 19. Kxe1 Nf4 20. Bf1 Ne6 21. Ne2 Kf8 22. Kd2 Ke7 23. Kc3 Ng5 24. Nf4 Ne4+ 25. Kd3 Nxf2+ 26. Ke3 Nd1+ 27. Kd3 Nxb2+ 28. Kc3 Nd1+ 29. Kd2 Nb2 30. Kc3 Na4+ 31. Kb4 Nb6 32. Kc5 Nc8 33. Bd3 b6+ 34. Kb4 a5+ 35. Kc3 c5 36.
Nxd5+ Kd6 37. Nf4 cxd4+ 38. Kxd4 h6 39. c4 Ke7 40. Nd5+ Kf8 41. Nc7 Ke7 42. Be4 Nd6 43. Bf3 Nf5+ 44. Kc3 Nh4 45. Bb7 Kd6 46. Nb5+ Bxb5 47. cxb5 Kc5 48. a4 Nf5 49. Bc6 Nd4 50.
Be4 f5 51. Ba8 g5 52. Bb7 Ne2+ 53. Kd3 Nf4+ 54. Kc3 Nd5+ 55. Kb3 f4 56. Bc8 Ne3 57.
Bb7 h5 58. Kc3 g4 59. hxg4 hxg4 60. Kd3 Nd1 61. Ke4 f3 62. gxf3 gxf3 63. Kxf3 Nb2 64. Ke3 Nxa4 65. Kd2 Kxb5 66. Kc2 Kb4 67. Kb1 b5 68.
Ka1 Nc5 69. Bd5 a4 70. Bg8 Kc3 71. Bf7 b4 72. Bg8 b3 73. Bf7 Kc2 74. Bg6+ Kc1 75. Bb1 a3 76. Bh7 Na4 77. Bg6 b2+ 78. Ka2 Nc3+ 79.
Kxa3 b1=Q 80. Bxb1 1/2-1/2

[Event "Live Chess"]
[Site "Chess.com"]
[Date "2024.06.01"]
[Round "-"]
[White "road2gm5000"]
[Black "SavagePawn7"]
[Result "1-0"]
[WhiteElo "1080"]
[BlackElo "680"]
[TimeControl "300"]
[EndTime "12:06:06 PDT"]
[Termination "road2gm5000 won by resignation"]

1. e4 d5 2. exd5 Nf6 3. Nc3 Nxd5 4. Nxd5 Qxd5 5. d4 Nc6 6. Nf3 Nb4 7. c3 Qe4+ 8. Be2 Nc2+ 9. Kf1 Nxa1 10. Bd3 Qd5 11. c4 Qe6 12. Be3 g6 13. Qxa1 Bg7 14. b3 O-O 15.
Qc1 c6 16. g3 Qh3+ 17. Ke2 Bf5 18. Bxf5 Qxf5 19. Qb1 Qxb1 20. Rxb1 Rfd8 21. Rd1 b6 22. Bf4 c5 23. d5 a6 24. Be5 f6 25. Bc7 Rdc8 26.
Bxb6 Rab8 27. Ba5 f5 28. Ng5 h6 29. Ne6 Kf7 30. f4 Bf6 31. Bd2 g5 32. Be3 gxf4 33. gxf4 Rg8 34. Kf2 Rg6 35. Nxc5 Rbg8 36. Nxa6 Rg2+ 37.
Ke1 Rg1+ 38. Bxg1 Rxg1+ 39. Ke2 Rg2+ 40. Kf3 Rxa2 41. Nb4 Rxh2 42. Rd3 Rh3+ 43. Ke2 Rxd3 44. Kxd3 h5 45. c5 e6 46. d6 Bd8 47. c6 h4 48.
c7 Bxc7 49. dxc7 h3 50. c8=Q 1-0

[Event "Live Chess"]
[Site "Chess.com"]
[Date "2024.06.01"]
[Round "-"]
[White "dl_chess"]
[Black "DoctorMantisTobogganMD"]
[Result "0-1"]
[WhiteElo "1171"]
[BlackElo "2190"]
[TimeControl "300"]
[EndTime "12:06:23 PDT"]
[Termination "DoctorMantisTobogganMD won by resignation"]

1. e4 g6 2. Nc3 Bg7 3. d4 c6 4.
Nf3 d5 5. e5 Bg4 6. h3 Bxf3 7.
Qxf3 f6 8. Bf4 fxe5 9. Bxe5 Nf6 10. Bxf6 Bxf6 11. Qe3 O-O 12. O-O-O Nd7 13. Bd3 e5 14. Ne2 Bg5 15. f4 exf4 16. Qe6+ Kh8 17. h4 Bh6 18. h5 f3+ 19. Kb1 fxe2 20. Bxe2 Qe8 21. Qxe8 Raxe8 22. Bd3 g5 23. Rhe1 Bg7 24. Rxe8 Rxe8 25. c3 Nf6 26.
Rh1 h6 27. Bg6 Re7 28. Rf1 Ne4 29. Kc2 Kg8 30. a4 a5 31. Kd3 Ng3 32. Rf3 Ne2 33. Rf7 Nf4+ 34. Kd2 Rxf7 35. Bxf7+ Kxf7 36. g3 Nxh5 0-1

[Event "Live Chess"]
[Site "Chess.com"]
[Date "2024.06.01"]
[Round "-"]
[White "nigelst"]
[Black "Bob2pen"]
[Result "1-0"]
[WhiteElo "1652"]
[BlackElo "1868"]
[TimeControl "300"]
[EndTime "12:06:34 PDT"]
[Termination "nigelst won by resignation"]

1. e4 e6 2. d4 d5 3. exd5 exd5 4. Nf3 Bd6 5. Bd3 Ne7 6. c4 dxc4 7. Bxc4 Nbc6 8. O-O O-O 9. Nc3 Bg4 10. Be3 Qd7 11. Bb5 a6 12. Ba4 Rad8 13. d5 Ne5 14. Bxd7 Rxd7 15.
Nxe5 Bxd1 16. Nxd7 Bg4 17. Nxf8 Kxf8 18. h3 Bf5 19. g4 Bd7 20. Ne4 Nxd5 21. Nxd6 cxd6 22. Rad1 1-0

[Event "Live Chess"]
[Site "Chess.com"]
[Date "2024.06.01"]
[Round "-"]
[White "ACM42"]
[Black "Dave_Barnes"]
[Result "1-0"]
[WhiteElo "2214"]
[BlackElo "1389"]
[TimeControl "300"]
[EndTime "12:06:37 PDT"]
[Termination "ACM42 won by resignation"]

1. e4 e5 2. Nf3 Nf6 3. d4 Nxe4 4. Bd3 d5 5. Nxe5 Bd6 6. O-O O-O 7. c4 Nf6 8. cxd5 Nxd5 9. Nc3 Nb6 10. Ne4 Be7 11. Be3 c6 12. Qf3 N8d7 13. Rad1 Nd5 14. Bc1 N7f6 15. Nxf6+ Bxf6 16. Rfe1 Be6 17. Ng4 Bg5 18.
Ne3 Nxe3 19. fxe3 Bxa2 20. Rf1 Bb3 21. Rde1 Qc7 22. Qf5 1-0

[Event "Live Chess"]
[Site "Chess.com"]
[Date "2024.06.01"]
[Round "-"]
[White "chessfiction"]
[Black "GwaryTek"]
[Result "1-0"]
[WhiteElo "2418"]
[BlackElo "1906"]
[TimeControl "300"]
[EndTime "12:06:40 PDT"]
[Termination "chessfiction won by resignation"]

1. e4 Nf6 2. e5 Nd5 3. Nc3 Nxc3 4. dxc3 d5 5. Bd3 c5 6. b3 Nc6 7. Nf3 Bg4 8. Bb2 Bxf3 9. Qxf3 Nxe5 10. Bb5+ Nc6 11. O-O-O e6 12. c4 Qg5+ 13. Kb1 O-O-O 14. h4 Qf5 15. Qxf5 exf5 16. cxd5 Ne7 17. d6 Nc6 18. Bd3 Bxd6 19. Bxf5+ Kc7 20. Bxg7 Rhg8 21. Bf6 Rde8 22. g4 Nd4 23. Bxd4 cxd4 24. Rxd4 Re2 25. Rhd1 Ba3 26. Rd7+ Kc6 27. Rxf7 Rd8 28. Bd3 Rxd3 29. cxd3 Rb2+ 30. Ka1 Kd5 31. Rf5+ Kd4 32. Ra5 1-0

[Event "Live Chess"]
[Site "Chess.com"]
[Date "2024.06.01"]
[Round "-"]
[White "Queensandpawns"]
[Black "gobbles19"]
[Result "0-1"]
[WhiteElo "2414"]
[BlackElo "2218"]
[TimeControl "300"]
[EndTime "12:06:40 PDT"]
[Termination "gobbles19 won by resignation"]

1. d4 Nf6 2. Nc3 d6 3. Bf4 g6 4. e3 Bg7 5. h4 h5 6. Nf3 Bg4 7. Bc4 Nbd7 8. Qd3 Bxf3 9. gxf3 e5 10. Bg5 exd4 11. exd4 Nb6 12. O-O-O O-O 13. Qxg6 Nxc4 14.
Bxf6 Qxf6 15. Qg3 Qh6+ 16. Kb1 Kh8 17. Nd5 c5 18. Rdg1 Bxd4 19. Ne7 Be5 20. f4 Bxf4 21. Qc3+ Ne5 22. Nf5 Qf6 23. Ng7 Ng4 24. Nxh5 Qxc3 25.
bxc3 Nxf2 26. Nxf4 Nxh1 27. Rxh1 Rae8 28. Rf1 Kh7 29.
Nd5 f5 30. Nc7 Re4 31. Nb5 d5 32. Nc7 d4 33. cxd4 cxd4 34. Nb5 Rxh4 35. Nd6 f4 36. Ne4 Kh6 37. Kc1 f3 38. Ng3 Rh2 39. Ne4 Rc8 40.
Rxf3 Rcxc2+ 41. Kd1 Rxa2 42. Rf6+ Kg7 0-1

[Event "Live Chess"]
[Site "Chess.com"]
[Date "2024.06.01"]
[Round "-"]
[White "Colm_Buckley"]
[Black "Thebigsqueeze"]
[Result "1-0"]
[WhiteElo "1848"]
[BlackElo "2290"]
[TimeControl "300"]
[EndTime "12:07:02 PDT"]
[Termination "Colm_Buckley won by resignation"]

1. d4 Nf6 2. c4 c5 3. e3 d5 4.
Nf3 cxd4 5. exd4 Nc6 6. Nc3 g6 7. Be2 Bg7 8. O-O O-O 9. c5 Qc7 10. h3 e5 11. Nxe5 Nxe5 12. dxe5 Qxe5 13. Bf3 Rd8 14. Re1 Qc7 15. Be3 d4 16. Bxd4 Nh5 17. Nb5 Qa5 18. Nd6 Nf6 19. Bxf6 Bxf6 20. Qb3 Be6 21. Rxe6 fxe6 22. Qxe6+ Kg7 23. Qf7+ Kh6 24. Qxf6 1-0

[Event "Live Chess"]
[Site "Chess.com"]
[Date "2024.06.01"]
[Round "-"]
[White "NeilDruggan73"]
[Black "Silverback7829"]
[Result "1-0"]
[WhiteElo "1730"]
[BlackElo "1172"]
[TimeControl "300"]
[EndTime "12:07:19 PDT"]
[Termination "NeilDruggan73 won by checkmate"]

1. d4 d5 2. Nf3 Nc6 3. Bg5 f6 4. Bh4 Bg4 5. h3 Bxf3 6. gxf3 Nb4 7.
e3 e6 8. c3 Nc6 9. Bd3 Bd6 10. f4 f5 11. Bxd8 Rxd8 12. Nd2 Nf6 13. Qb3 Na5 14. Qa4+ Nc6 15. Bb5 a6 16. Bxc6+ bxc6 17. Qxc6+ Nd7 18. Qxa6 g6 19. h4 Rg8 20. Nf3 Nf6 21. Qb5+ Nd7 22. a4 Ke7 23. b4 e5 24.
dxe5 Bxe5 25. fxe5 Rgf8 26. h5 gxh5 27. Rxh5 Rg8 28.
Rxh7+ Kf8 29. Qc6 Nb8 30. Qf6+ Ke8 31. Qe7# 1-0

[Event "Live Chess"]
[Site "Chess.com"]
[Date "2024.06.01"]
[Round "-"]
[White "StoreySniper"]
[Black "koekoekoe"]
[Result "1-0"]
[WhiteElo "2548"]
[BlackElo "2068"]
[TimeControl "300"]
[EndTime "12:07:23 PDT"]
[Termination "StoreySniper won by resignation"]

1. c4 d5 2. cxd5 Qxd5 3. Nf3 Bf5 4. Nc3 Qa5 5. e4 Bg6 6. Qb3 Qb6 7. Qc2 Nd7 8. Nd5 Qa5 9. Nxc7+ Kd8 10. Nxa8 e5 11.
Bc4 Bc5 12. O-O Ne7 13. d4 Bxd4 14. Bd2 Qc5 15. Nxd4 exd4 16. Qb3 Qc8 17. Ba5+ b6 18.
Nxb6 axb6 19. Bxb6+ Nxb6 20. Qxb6+ Ke8 21. Bb5+ Kf8 22.
Rac1 Qa8 23. Qxd4 Bxe4 24. Rfd1 g6 25. Qd8+ Qxd8 26. Rxd8+ Kg7 27. Rxh8 Kxh8 28. Re1 Bc6 29. Rxe7 Bxb5 30. Rxf7 Kg8 31. Rb7 Bc4 32. a4 Bd5 33.
Rc7 Bb3 34. a5 h5 35. a6 Bd5 36. a7 Kf8 37. b4 1-0